 Dungeon Crawl Stone Soup version 0.19.0 (webtiles) character file.

30 Magifyre the Scratcher (level 3, 15/15 HPs)
             Began as a Felid Transmuter on Nov 10, 2016.
             Quit the game on level 2 of the Dungeon.
             The game lasted 00:04:13 (1633 turns).

Magifyre the Scratcher (Felid Transmuter)           Turns: 1633, Time: 00:04:14

Health: 15/15      AC:  1    Str:  6    XL:     3   Next: 3%
Magic:  7/7        EV: 18    Int: 14    God:
Gold:   87         SH:  0    Dex: 17    Spells: 2 memorised, 3 levels left
                                        Lives:  0   Deaths: 1

rFire  . . .     SeeInvis +       - Unarmed
rCold  . . .     Gourm    .     (armour unavailable)
rNeg   . . .     Faith    .     (shield unavailable)
rPois  .         Spirit   .     (helmet unavailable)
rElec  .         Reflect  .     (cloak unavailable)
rCorr  .         Harm     .     (gloves unavailable)
MR     .....                    (boots unavailable)
Stlth  ++........               (no amulet)
                                (no ring)
                                (no ring)

@: quick
A: no armour, no weapons or thrown items, stealth, claws 1, fangs 3, see
invisible, carnivore 3, speed 1, shaggy fur 1, slow metabolism 1, sharp paws
a: no special abilities


You were on level 2 of the Dungeon.
You were not hungry.

You visited 1 branch of the dungeon, and saw 2 of its levels.

You collected 87 gold pieces.

Inventory:

Missiles
 a - 30 arrows
Scrolls
 g - a scroll of amnesia {unknown}
 h - a scroll of teleportation {unknown}
 j - 2 scrolls of identify {unknown}
Potions
 d - a potion of beneficial mutation {unknown}
 e - a potion of curing {unknown}
 f - a potion of ambrosia {unknown}
 i - a potion of haste {unknown}
 l - a potion of might
Books
 b - a book of Changes

   Spells                             Type                      Level
   a - Beastly Appendage              Transmutation                1
   b - Sticks to Snakes               Transmutation                2
   c - Spider Form                    Transmutation/Poison         3
   d - Ice Form                       Ice/Transmutation            4
   e - Blade Hands                    Transmutation                5
Comestibles
 c - 3 meat rations
 k - a royal jelly


   Skills:
 - Level 1.0 Fighting
 - Level 2.6 Dodging
 + Level 4.2 Unarmed Combat
 - Level 2.0 Spellcasting
 + Level 3.5 Transmutations


You had 3 spell levels left.
You knew the following spells:

 Your Spells              Type           Power        Failure   Level  Hunger
a - Beastly Appendage     Tmut           ##....       6%          1    ##.....
b - Sticks to Snakes      Tmut           ##......     10%         2    ###....


Dungeon Overview and Level Annotations

Branches:
Dungeon (2/15)

Altars:


Innate Abilities, Weirdness & Mutations

You cannot wear armour.
You are incapable of wielding weapons or throwing items.
Your paws allow you to move quietly. (Stealth)
You have sharp claws.
You have razor-sharp teeth.
You have supernaturally acute eyesight. (SInv)
You are carnivorous and can eat meat at any time.
You cover ground quickly.
You are covered in fur. (AC +1)
You have a slow metabolism.
Your sharp claws are effective at attacking unaware monsters.


Message History

The adder closely misses you.
Your ball python barely misses the adder.
Your ball python completely misses the adder.
It was a potion of might.
You feel very mighty all of a sudden. The adder misses you.
Your ball python closely misses the adder. x2
The adder misses you.
You claw the adder!
You kill the adder!
You have reached level 4!
Extra life!
You die...
Your shape twists and changes as you die.
You feel sick.
You are now level 3!
Your horns disappear.
You rejoin the land of the living...
Found a grey potion.
Found an escape hatch in the floor.
Are you sure you want to abandon this character and quit the game? (Confirm with "yes".)

#######
#.....#
#.....#
#....>#
#.....##.
...
#..!.....
##.#(
#@....# .
..
#.....# #
#%#.
###.###
#?##.#.
.# .$#..
.
.#.##.#.
..
......Sg
..
####.###
...
.##....
...#...


There were no monsters in sight!

Vanquished Creatures
  3 adders
  A worm (D:2)
  A dart slug (D:1)
  2 leopard geckos
  4 giant cockroaches
  5 goblins
  3 hobgoblins (D:1)
  4 kobolds
  A quokka (D:2)
  2 ball pythons
  6 bats
  2 frilled lizards
  7 rats
41 creatures vanquished.

Vanquished Creatures (collateral kills)
  A rat (D:2)
1 creature vanquished.

Grand Total: 42 creatures vanquished

Notes
Turn   | Place    | Note
-------+----------+-------------------------------------------
     0 | D:1      | Magifyre the Felid Transmuter began the quest for the Orb.
     0 | D:1      | Reached XP level 1. HP: 9/9 MP: 4/4
   103 | D:1      | Reached XP level 2. HP: 8/12 MP: 4/6
   110 | D:1      | Learned a level 2 spell: Sticks to Snakes
   953 | D:2      | Reached XP level 3. HP: 10/15 MP: 7/7
  1336 | D:2      | Reached skill level 4 in Unarmed Combat
  1632 | D:2      | Reached XP level 4. HP: 1/19 MP: 4/8
  1632 | D:2      | Succumbed to an adder's poison
  1633 | D:2      | Reached XP level 3. HP: 0/15 MP: 5/7
  1633 | D:2      | Quit the game

Skill      XL: |  1  2  3 |
---------------+----------+-----
Transmutations | 3 |  3.5
Unarmed Combat | 4 |  4.2
Fighting       | |  1.0
Dodging        | |  2.6
Spellcasting   | |  2.0

Action                   |  1- 3 |  4- 6 || total
-------------------------+-------+-------++-------
Melee: Unarmed           |   104 |       ||   104
       Bite              |     7 |       ||     7
       Punch             |     3 |       ||     3
       Headbutt          |     7 |       ||     7
 Cast: Beastly Appendage |    12 |       ||    12
       Sticks to Snakes  |     5 |       ||     5
  Use: Potion            |     1 |       ||     1
 Stab: Sleeping          |     4 |       ||     4
       Distracted        |     1 |       ||     1
  Eat: Chunk             |     9 |       ||     9
Armor: Skin              |     2 |       ||     2
Dodge: Dodged            |    88 |       ||    88
